 Dungeon Crawl Stone Soup version 0.25.0-9-g26727b657a (webtiles) character file.

Game seed: 9902325977949591913

42 sanka the Gusty (level 3, -2/19 HPs)
             Began as a Vampire Air Elementalist on June 19, 2020.
             Slain by an orc
             ... wielding a +0 mace
              (6 damage)
             ... on level 2 of the Dungeon.
             The game lasted 00:06:21 (1964 turns).

sanka the Gusty (Vampire Air Elementalist)          Turns: 1964, Time: 00:06:21

Health: -2/19      AC:  2    Str:  7    XL:     3   Next: 33%
Magic:  4/6        EV: 12    Int: 18    God:
Gold:   85         SH:  0    Dex: 14    Spells: 3/6 levels left

rFire    . . .     SeeInvis +   c - +0 whip
rCold    + + .     Gourm    .   (no shield)
rNeg     + + +     Faith    .   a - +0 robe
rPois    ∞         Spirit   .   (no helmet)
rElec    .         Reflect  .   (no cloak)
rCorr    .         Harm     .   (no gloves)
MR       .....                  (no boots)
Stlth    ++++......             (no amulet)
HPRegen  0.00/turn              (no ring)
MPRegen  0.10/turn              (no ring)

@: bloodless
A: no food, fangs 3, see invisible, unbreathing
a: Bat Form, Revivify


You were on level 2 of the Dungeon.
You were bloodless.

You visited 1 branch of the dungeon, and saw 3 of its levels.

You collected 85 gold pieces.

Inventory:

Hand Weapons
 c - a +0 whip (weapon)
Missiles
 g - 100 stones (quivered)
 h - 8 poisoned darts
Armour
 a - a +0 robe (worn)
Scrolls
 b - 2 scrolls of remove curse {unknown}
 d - 5 scrolls of identify {unknown}
 e - a scroll of teleportation {unknown}
 f - a scroll of immolation {unknown}
 j - a scroll of amnesia {unknown}
 m - a scroll of blinking {unknown}
Potions
 i - a potion of stabbing {unknown}
 k - a potion of might {unknown}
 l - a potion of resistance {unknown}


   Skills:
 - Level 2.1 Dodging
 - Level 3.0 Stealth
 - Level 2.0 Spellcasting
 - Level 1.0 Conjurations
 + Level 4.3 Air Magic


You had 3 spell levels left.
You knew the following spells:

 Your Spells              Type           Power        Failure   Level  Hunger
a - Shock                 Conj/Air       ##..         6%          1    N/A
b - Swiftness             Chrm/Air       #.......     11%         2    N/A

Your spell library contained the following spells:

 Spells                   Type           Power        Failure   Level  Hunger
 Static Discharge         Conj/Air       ##......     19%         3    N/A
 Airstrike                Air            ###.......   30%         4    N/A
 Lightning Bolt           Conj/Air       ##........   86%         5    N/A

Dungeon Overview and Level Annotations

Branches:
Dungeon (3/15)

Altars:

Annotations:
D:3 1 exclusion, Ijyb, Natasha


Innate Abilities, Weirdness & Mutations

You do not eat.
You do not regenerate when monsters are visible.
You are frail without blood (-20% HP).
You can heal yourself when you bite living creatures.
You are immune to poison.
You have razor-sharp teeth.
You have supernaturally acute eyesight. (SInv)
You can survive without breathing.


Message History

Unknown command.
Unknown command.
Casting: Shock (safe; 6% risk of failure)
Confirm with . or Enter, or press ? or * to list all spells.
Aiming: Shock (safe; 6% risk of failure)
Press: ? - help, Shift-Dir - straight line, f - hobgoblin
Aim: a hobgoblin, wielding a +0 club The zap hits the hobgoblin.
The hobgoblin is lightly wounded.
The orc completely misses you. The hobgoblin hits you with a +0 club.
* * * LOW HITPOINT WARNING * * *
Casting: Shock (safe; 6% risk of failure)
Confirm with . or Enter, or press ? or * to list all spells.
Aiming: Shock (safe; 6% risk of failure)
Press: ? - help, Shift-Dir - straight line, f/p - hobgoblin
Aim: a hobgoblin, wielding a +0 club (lightly wounded)
The zap hits the hobgoblin but does no damage.
The hobgoblin is lightly wounded.
The orc hits you with a +0 mace.
You die...

#.# #. #.# ###.
##.## #...
######...######.##
#......#......#.##
#.####...###......
#.# ##..........#
#g# ######....##
#@# ##.#.# #o#
#.#.# #h# #.#.#
#.###########.#.#
#..........%..#.#
###############.##
#... ####


You could see an orc, a jackal and a hobgoblin.

Vanquished Creatures
  A worm (D:2)
  4 dart slugs (D:1)
  A leopard gecko (D:1)
  2 ball pythons (D:2)
  5 bats
  4 goblins
  3 frilled lizards
  6 kobolds
  3 rats
29 creatures vanquished.

Notes
Turn   | Place    | Note
-------+----------+-------------------------------------------
     0 | D:1      | sanka the Vampire Air Elementalist began the quest for the
                  | Orb.
     0 | D:1      | Reached XP level 1. HP: 13/13 MP: 3/3
   227 | D:1      | Reached XP level 2. HP: 19/19 MP: 0/5
   279 | D:1      | Learned a level 2 spell: Swiftness
   742 | D:1      | Reached skill level 4 in Air Magic
  1105 | D:2      | Reached skill level 1 in Conjurations
  1105 | D:2      | Reached XP level 3. HP: 18/24 MP: 0/6
  1888 | D:3      | Noticed Ijyb
  1961 | D:3      | Noticed Natasha
  1964 | D:2      | Slain by an orc

Illustrated notes

Levels and vault maps discovered:
D:1:      nagdon_arrival_zigzag_paths, layout_basic
D:2:      layout_loops_ring
D:3:      layout_rooms, lemuel_doored_altar, kiku_gazebo_pond_becter,
          uniq_natasha, uniq_ijyb, uniq_sigmund

Skill      XL: |  1  2 |
---------------+-------+-----
Air Magic      | 4 |  4.3
Conjurations   | 1 |  1.0
Dodging        | |  2.1
Stealth        | |  3.0
Spellcasting   | |  2.0

Action                   || total
-------------------------++-------
Melee: Unarmed           ||     4
       Whip              ||    14
       Bite              ||     3
 Cast: Shock             ||    64
 Abil: Exsanguinate      ||     1
Armor: Robe              ||     8
Dodge: Dodged            ||    23
